 Dungeon Crawl Stone Soup version 0.28.0-43-g3370ac3207 (webtiles) character file.

Game seed: 7287418000264123593

2768 Tinkle the Cleaver (level 9, -9/81 HPs)
             Began as a Minotaur Berserker on Mar 13, 2022.
             Was an Elder of Trog.
             Killed from afar by an efreet (11 damage)
             ... with a bolt of fire
             ... on level 7 of the Dungeon.
             The game lasted 00:24:37 (9296 turns).

Tinkle the Cleaver (Minotaur Berserker)             Turns: 9296, Time: 00:24:38

Health: -9/81      AC:  9    Str: 27    XL:     9   Next: 42%
Magic:  8/8        EV: 14    Int:  4    God:    Trog [****..]
Gold:   392        SH:  0    Dex:  9    Spells: 8/8 levels left

rFire   + . .      SeeInvis .   a - +0 hand axe
rCold   . . .      Faith    +   (no shield)
rNeg    . . .      Spirit   .   z - +3 scale mail {rF+}
rPois   .          Reflect  .   (helmet restricted)
rElec   .          Harm     .   (no cloak)
rCorr   .          Rampage  .   (no gloves)
Will    .....                   (no boots)
Stlth   ..........              c - amulet of faith
HPRegen 0.23/turn               x - +4 ring of evasion
MPRegen 0.11/turn               (no ring)

@: about to teleport
A: horns 2, retaliatory headbutt
a: Renounce Religion, Berserk, Trog's Hand, Brothers in Arms


You were on level 7 of the Dungeon.
You worshipped Trog.
Trog was greatly pleased with you.
You visited 1 branch of the dungeon, and saw 7 of its levels.

You collected 392 gold pieces.

Inventory:

Hand Weapons
 a - a +0 hand axe (weapon)
Missiles
 d - 10 atropa-tipped darts (quivered)
 l - 28 poisoned darts
 o - a curare-tipped dart
Armour
 z - a +3 scale mail of fire resistance (worn)
Jewellery
 c - an amulet of faith (around neck)
 m - an amulet of the acrobat
 n - a +6 ring of dexterity
 x - a +4 ring of evasion (left hand)
 y - a ring of flight
Wands
 p - a wand of flame (19)
Scrolls
 e - a scroll of holy word {unknown}
 g - a scroll of fear {unknown}
 h - 3 scrolls of identify
 j - 5 scrolls of teleportation
 s - a scroll of vulnerability {unknown}
 t - a scroll of magic mapping {unknown}
 v - a scroll of immolation
 w - a scroll of blinking {unknown}
 A - 2 scrolls of enchant armour
Potions
 b - 2 potions of degeneration
 f - 3 potions of brilliance
 i - 2 potions of curing
 k - a potion of heal wounds {unknown}
 q - a potion of cancellation {unknown}
 u - 2 potions of ambrosia


   Skills:
 + Level 8.2 Fighting
 - Level 14.0 Axes
 - Level 2.4 Armour
 - Level 2.1 Dodging


You had 8 spell levels left.
You didn't know any spells.
Your spell library was empty.

Dungeon Overview and Level Annotations

Branches:
Dungeon (7/15)
 Temple: D:4-7

Altars:
Elyvilon
Hepliaklqana
Qazlal
Xom

Shops:
D:1 (


Innate Abilities, Weirdness & Mutations

You have a pair of horns on your head.
You reflexively headbutt those who attack you in melee.


Message History

You start resting.
You feel the effects of Trog's Hand fading.
You start resting.
You feel yourself speed up.
Your skin stops crawling.
You feel less strong-willed.
You start resting.
You recover from your berserk rage.
You open the large door.
A death knight and an efreet come into view.
The efreet is wielding a +0 scimitar of flaming.
The death knight shouts!
The efreet gestures at you.
The fireball explodes!
The fireball engulfs you. You resist.
You hear an angry growl.
You hear a shout!
Found a shimmering ivory ring and a curved glowing staff.
Press: ? - help, v - describe, . - travel
Here: a death knight, wielding a +0 battleaxe and wearing a +0 chain mail A large open door.
There are monsters nearby!
Press: ? - help, v - describe, . - travel
Here: a death knight, wielding a +0 battleaxe and wearing a +0 chain mail A large open door.
Unknown command.
Press: ? - help, v - describe, . - travel The floor.
As you read the scroll of teleportation, it crumbles to dust.
You feel strangely unstable.
The death knight calls down the wrath of Yredelemnul upon you.
Your body is wracked with pain!
You feel better.
The death knight hits you with a +0 battleaxe!!
The efreet hits you with a +0 scimitar of flaming!
* * * LOW HITPOINT WARNING * * *
The efreet burns you.
* * * LOW HITPOINT WARNING * * *
The death knight hits you with a +0 battleaxe!
* * * LOW HITPOINT WARNING * * *
The efreet gestures at you. The bolt of fire hits you! You resist.
You die...

♣♣♣♣♣♣♣♣♣♣♣
♣.).......♣
♣.♣♣♣♣♣♣♣.♣
♣.♣#####♣.♣
♣.♣.@..#♣.♣
♣.♣.#pR#♣)♣
♣.♣.#..#♣.♣
♣.♣.#=|#♣.♣
♣.♣.####♣.♣
♣.♣.......♣
♣.♣♣♣♣♣♣♣♣♣.♣
♣...........♣
♣♣♣♣♣.♣♣♣♣♣♣♣


You could see a death knight and an efreet.

Vanquished Creatures
  A two-headed ogre (D:7)
  A slime creature (D:7)
  Menkaure (D:7)
  2 black bears
  4 ogres
  A bullfrog (D:7)
  2 kobold brigands
  A scorpion (D:4)
  A wyvern skeleton (D:5)
  A water moccasin skeleton (D:5)
  2 howler monkeys
  4 gnoll shamans
  A centaur zombie (D:6)
  3 hounds
  An orc priest (D:6)
  2 centaur skeletons
  2 bullfrog skeletons (D:5)
  Ijyb (D:5)
  5 iguanas
  4 orc wizards
  A hound zombie (D:5)
  2 howler monkey zombies
  10 gnolls (D:6)
  A howler monkey skeleton (D:7)
  5 adders
  2 ufetubi
  An adder zombie (D:5)
  A worm (D:3)
  5 dart slugs
  10 orcs
  7 endoplasms
  2 giant cockroaches
  7 goblins
  8 hobgoblins
  5 quokkas
  8 ball pythons
  4 bats
  5 frilled lizards
  10 kobolds
  5 rats
139 creatures vanquished.

Notes
Turn   | Place    | Note
-------+----------+-------------------------------------------
     0 | D:1      | Tinkle the Minotaur Berserker began the quest for the Orb.
     0 | D:1      | Reached XP level 1. HP: 19/19 MP: 0/0
   149 | D:1      | Reached skill level 4 in Axes
   175 | D:1      | Reached XP level 2. HP: 17/27 MP: 1/1
   459 | D:1      | Found Ezowegaf's Antique Weapon Shoppe.
   547 | D:1      | Reached ** piety under Trog
   674 | D:1      | Reached XP level 3. HP: 29/34 MP: 2/2
   715 | D:1      | Found a faded altar of an unknown god.
  1966 | D:3      | Reached skill level 5 in Axes
  1966 | D:3      | Reached XP level 4. HP: 36/41 MP: 3/3
  2153 | D:3      | Reached skill level 5 in Fighting
  2502 | D:3      | Reached *** piety under Trog
  2634 | D:3      | You fall into a shaft and drop 3 floors!
  2670 | D:6      | Reached skill level 6 in Axes
  2670 | D:6      | Reached XP level 5. HP: 30/48 MP: 4/4
  2680 | D:6      | Reached skill level 7 in Axes
  2940 | D:5      | Entered Level 5 of the Dungeon
  2943 | D:5      | Noticed Ijyb
  2956 | D:5      | Killed Ijyb
  3062 | D:5      | Reached XP level 6. HP: 56/56 MP: 5/5
  3292 | D:4      | Reached skill level 8 in Axes
  4809 | D:4      | Reached skill level 9 in Axes
  4809 | D:4      | Reached XP level 7. HP: 61/61 MP: 6/6
  5242 | D:5      | Found a stormy altar of Qazlal.
  5268 | D:5      | Found a white marble altar of Elyvilon.
  5317 | D:5      | Found a hazy altar of Hepliaklqana.
  5318 | D:5      | Found a shimmering altar of Xom.
  5319 | D:5      | Noticed a yak
  5319 | D:5      | Noticed a spectral ugly thing
  5368 | D:5      | Reached skill level 10 in Axes
  6156 | D:5      | Reached **** piety under Trog
  6179 | D:5      | Reached skill level 11 in Axes
  6179 | D:5      | Reached XP level 8. HP: 48/68 MP: 7/7
  7215 | D:6      | Reached skill level 12 in Axes
  8533 | D:6      | Reached skill level 13 in Axes
  9153 | D:7      | Noticed a slime creature
  9162 | D:7      | Killed a slime creature
  9216 | D:7      | Reached XP level 9. HP: 73/75 MP: 8/8
  9235 | D:7      | Noticed a two-headed ogre
  9248 | D:7      | Killed a two-headed ogre
  9249 | D:7      | Reached skill level 14 in Axes
  9255 | D:7      | Noticed Menkaure
  9261 | D:7      | Killed Menkaure
  9293 | D:7      | Noticed a death knight
  9293 | D:7      | Noticed an efreet
  9296 | D:7      | HP: 2/81 [death knight/+0 battleaxe (14)]
  9296 | D:7      | Killed from afar by an efreet

Illustrated notes

Levels and vault maps discovered:
D:1:      enne_arrival_octagon_isle, layout_basic, serial_shops,
          nicolae_shop_advertising_works [nicolae_subvault_shop_adworks],
          hellmonk_ecumenical_altar_leap_of_faith
D:2:      layout_rooms, minmay_fountain_box
D:3:      layout_loops_corners, minmay_misc_feat_ornament,
          minmay_misc_feat_tiny, kennysheep_cross_room
D:4:      layout_rooms, st_stairs_13
D:5:      minmay_opposing_rooms, layout_basic, regret_index_temple_of_mockery,
          marbit_many_paths, elyvilon_altar_5, uniq_ijyb
D:6:      layout_layer_cave
D:7:      nzn_winding_woodlands_cross [nzn_winding_woodlands_5x15_concentric,
          nzn_winding_woodlands_5x15_jagged, nzn_winding_woodlands_5x15_garden,
          nzn_winding_woodlands_5x15_river_crossing,
          nzn_winding_woodlands_15x15_boxy_spiral], layout_basic,
          nicolae_ru_path_of_blood, amcnicky_altar_gilded,
          minmay_temple_entry_overgrown, hangedman_decor_push,
          nicolae_elevator_lobby_asterisk, uniq_crazy_yiuf_cottage, uniq_harold,
          uniq_menkaure

Skill      XL: |  1  2  3  4  5  6  7  8  9 |
---------------+----------------------------+-----
Fighting       | 4 5 6 8 |  8.2
Axes           | 4 5 6 7 9 11 13 14 | 14.0
Armour         | |  2.4
Dodging        | |  2.1

Action                   |  1- 3 |  4- 6 |  7- 9 || total
-------------------------+-------+-------+-------++-------
Melee: Hand axe          |    90 |    97 |   201 ||   388
       Headbutt          |     9 |    13 |    51 ||    73
       Punch             |       |     3 |     1 ||     4
Throw: Dart              |       |     2 |     4 ||     6
Invok: Berserk           |     1 |     3 |     4 ||     8
       Trog's Hand       |       |       |     1 ||     1
Evoke: Wand              |       |       |     5 ||     5
  Use: Scroll            |       |       |    10 ||    10
       Potion            |       |       |     1 ||     1
Armor: Ring mail         |    29 |     2 |       ||    31
       Animal skin       |     1 |       |       ||     1
       Chain mail        |       |    44 |    28 ||    72
       Scale mail        |       |       |    16 ||    16
Dodge: Dodged            |    50 |    52 |   108 ||   210
